 Dungeon Crawl Stone Soup version 0.30-a0-728-gc68057be0a (webtiles) character file.

Game seed: 7630515057219965909

438 gelatine the Firebug (level 6, 0/44 HPs)
             Began as a Demonspawn Fire Elementalist on Jan 31, 2023.
             Succumbed to a scorpion's poison
             ... on level 4 of the Dungeon.
             The game lasted 00:10:54 (4828 turns).

gelatine the Firebug (Demonspawn Fire Elementalist) Turns: 4828, Time: 00:10:54

Health: 0/44       AC:  4    Str:  8    XL:     6   Next: 69%
Magic:  2/10       EV: 15    Int: 19    God:
Gold:   217        SH:  0    Dex: 13    Spells: 8/11 levels left

rFire   . . .      SeeInvis .    u - +2 dagger (venom)
rCold   . . .      Faith    .    (no shield)
rNeg    . . .      Spirit   .    a - +0 robe
rPois   .          Reflect  .    (no helmet)
rElec   .          Harm     .    (no cloak)
rCorr   .          Rampage  .    k - +0 pair of gloves
Will    .....                    f - +0 pair of boots
Stlth   ++                       (no amulet)
HPRegen 0.27/turn                (no ring)
MPRegen 0.12/turn                (no ring)

@: lethally poisoned (0 -> -6)
A: repulsion field 1, foul stench 1, powered by pain 1, weakness stinger 1
a: no special abilities


You were on level 4 of the Dungeon.
You visited 2 branches of the dungeon, and saw 6 of its levels.

You collected 217 gold pieces.

Inventory:

Hand Weapons
 s - a +1 spear of freezing
 u - a +2 dagger of venom (weapon)
Armour
 a - a +0 robe (worn)
 f - a +0 pair of boots (worn)
 k - a +0 pair of gloves (worn)
 y - a scarf of shadows
 A - a +0 chain mail of fire resistance
Scrolls
 e - 4 scrolls of blinking
 g - a scroll of brand weapon {unknown}
 j - 3 scrolls of enchant armour {unknown}
 l - 3 scrolls of identify {unknown}
 n - a scroll of magic mapping {unknown}
 o - a scroll of torment {unknown}
 q - 2 scrolls of noise {unknown}
 t - a scroll of enchant weapon {unknown}
 v - a scroll of acquirement {unknown}
 x - a scroll of vulnerability {unknown}
Potions
 b - a potion of magic
 c - 2 potions of brilliance {unknown}
 d - a potion of might {unknown}
 h - 2 potions of degeneration {unknown}
 i - a potion of curing {unknown}
 m - 2 potions of lignification {unknown}
 p - a potion of heal wounds {unknown}
 r - a potion of resistance {unknown}
 w - a potion of flight {unknown}
 z - 2 potions of attraction {unknown}


   Skills:
 * Level 2.0 Fighting
 * Level 3.1 Dodging
 + Level 2.1 Stealth
 + Level 0.1 Unarmed Combat
 + Level 3.3 Spellcasting
 * Level 3.0 Conjurations
 * Level 4.4 Fire Magic


You had 8 spell levels left.
You knew the following spells:

 Your Spells              Type           Power      Damage    Failure   Level
a - Foxfire               Conj/Fire      68%        2x1d7     3%          1
b - Scorch                Fire           38%        2d7       3%          2

Your spell library contained the following spells:

 Spells                   Type           Power      Damage    Failure   Level
 Kiss of Death            Conj/Necr      32%        2d7       9%          1
 Freeze                   Ice            12%        1d3       16%         1
 Inner Flame              Hex/Fire       11%        N/A       19%         3
 Hailstorm                Conj/Ice       8%         3d4       24%         3
 Kindle Blastsparks       Fire/Tloc/Air  16%        2d11      24%         3
 Flame Wave               Conj/Fire      17%        2d7       32%         4
 Confusing Touch          Hex            3%         N/A       41%         3
 Frozen Ramparts          Ice            6%         1d1       41%         3
 Dispel Undead            Necr           3%         3d7       83%         4


Dungeon Overview and Level Annotations

Branches:
Dungeon (5/15)             Temple (1/1) D:4

Altars:
Ashenzari
Dithmenos
Fedhas
Kikubaaqudgha
Makhleb
Okawaru
Ru
Trog
Uskayaw
Vehumet
Wu Jian
Xom
Yredelemnul

Shops:
D:5 (

Annotations:
D:4 2 runed translucent doors, Dittersdorf's ghost, novice GrFi


Innate Abilities, Weirdness & Mutations

You are surrounded by a mild repulsion field. (EV +2)
You may rarely emit foul miasma when damaged in melee.
You sometimes gain a little power by taking damage.
You have a small tail.


Message History

Confirm with . or Enter, or press ? or * to list all spells.
Flames lash the scorpion.
The scorpion is burned terribly!
The scorpion is severely wounded.
The scorpion stings you.
You are poisoned.
The scorpion poisons you!
The gnoll bouda hits you with a +0 club.
Casting: Scorch (safe; 3% risk of failure)
Confirm with . or Enter, or press ? or * to list all spells.
Flames lash the scorpion but do no damage.
You feel sick. The scorpion barely misses you.
The gnoll bouda hits you with a +0 club!
You feel sick.
The scorpion stings you but does no damage.
The orc hits you but does no damage.
The gnoll bouda hits you with a +0 club.
* * * LOW HITPOINT WARNING * * *
You emit a cloud of foul miasma!
You climb upwards.
Level annotation: 2 runed translucent doors, Dittersdorf's ghost, novice GrFi Your attacks no longer feel as feeble.
You feel sick.
There is a stone staircase leading down here.
Blink to where?
Press: ? - help, Q - select action, (/) - cycle Dir - move target
As you read the scroll of blinking, it crumbles to dust.
You feel sick.
You feel sick.
You feel sick.
You are no longer poisoned.
The scorpion attacks as you move away! The scorpion stings you.
* * * LOW HITPOINT WARNING * * *
You are lethally poisoned!
The scorpion poisons you!
* * * LOW HITPOINT WARNING * * *
You feel very sick.
* * * LOW HITPOINT WARNING * * *
You feel sick.
The scorpion is no longer more vulnerable to fire.
You die...

###.##.# #.....#
#......# #.#<#.#
#.#.#..# #.#.#.#
#.#....# #.#.#..
#o###..# #......
#.g.g.## #......
#####.# ##.####
#g##############...###
#..s.@.....)))........
#.######.#.#####...###
#.# #.#.######.## #.#
#.#........# #.#
#.##########
#.######.#############
#..............#......
########.#####.#.#####
#.# #.#.# #.


You could see a gnoll bouda and a scorpion.

Vanquished Creatures
  Sigmund (D:2)
  An orc priest (D:4)
  An iguana (D:4)
  3 orc wizards
  3 adders
  4 gnolls (D:2)
  A worm (D:5)
  A dart slug (D:1)
  13 orcs
  5 ball pythons
  5 bats
  2 endoplasms (D:2)
  A giant cockroach (D:3)
  2 goblins
  5 hobgoblins
  3 jackals (D:4)
  3 quokkas
  A frilled lizard (D:3)
  5 kobolds
  5 rats
65 creatures vanquished.

Vanquished Creatures (others)
  237 foxfires
  A fungus (D:2)
  4 plants (D:2)
  4 toadstools (D:1)
246 creatures vanquished.

Grand Total: 311 creatures vanquished

Notes
Turn   | Place    | Note
-------+----------+-------------------------------------------
     0 | D:1      | gelatine the Demonspawn Fire Elementalist began the quest
                  | for the Orb.
     0 | D:1      | Reached XP level 1. HP: 13/13 MP: 3/3
   487 | D:1      | Reached skill level 3 in Fire Magic
   487 | D:1      | Gained mutation: You may rarely emit foul miasma when
                  | damaged in melee. [demonic ancestry]
   487 | D:1      | Reached XP level 2. HP: 17/19 MP: 0/5
  1363 | D:2      | Gained mutation: You are surrounded by a mild repulsion
                  | field. (EV +2) [demonic ancestry]
  1363 | D:2      | Reached XP level 3. HP: 25/25 MP: 1/6
  1415 | D:2      | Noticed Sigmund
  1956 | D:2      | Found a faded altar of an unknown god.
  2190 | D:2      | Gained mutation: You sometimes gain a little power by
                  | taking damage. [demonic ancestry]
  2190 | D:2      | Reached XP level 4. HP: 23/31 MP: 2/7
  2358 | D:2      | Killed Sigmund
  2359 | D:2      | Reached skill level 1 in Fighting
  2359 | D:2      | Gained mutation: You have a small tail. [demonic ancestry]
  2359 | D:2      | Reached XP level 5. HP: 38/38 MP: 0/9
  2511 | D:3      | Reached skill level 4 in Fire Magic
  2653 | D:3      | Learned a level 2 spell: Scorch
  2945 | D:3      | Reached XP level 6. HP: 41/44 MP: 3/10
  3179 | D:3      | Found an ornate altar of the Wu Jian Council.
  3563 | D:4      | Found a runed translucent door.
  3566 | D:4      | Noticed Dittersdorf's ghost (novice GrFi)
  3586 | D:4      | Found a staircase to the Ecumenical Temple.
  3595 | Temple   | Entered the Ecumenical Temple
  4057 | D:4      | Found a runed translucent door.
  4712 | D:5      | Entered Level 5 of the Dungeon
  4712 | D:5      | Found an iron altar of Okawaru.
  4715 | D:5      | Found a broken altar of Ashenzari.
  4802 | D:5      | Found Lajavosk's Antique Weapon Emporium.
  4826 | D:4      | HP: 2/44 [poisoned by a scorpion]
  4828 | D:4      | Succumbed to a scorpion's poison

Illustrated notes

Levels and vault maps discovered:
D:1:      ldierk_walled_garden_2, layout_loops_corners, nicolae_titane
D:2:      layout_loops_ring, dreamdust_ecumenical_altar_grove,
          minmay_misc_feat_pillars, uniq_sigmund
D:3:      layout_basic, nicolae_wu_jian_immortal_techniques
D:4:      layout_loops_ring, minmay_temple_entry_grid, ebering_ghost_sewer_f,
          minmay_misc_feat_plants
D:5:      layout_rooms, grunt_temple_overflow_open,
          gammafunk_temple_overflow_pools, grunt_ministairs_3,
          kennysheep_small_circle
Temple:   nicolae_temple_x_marks_the_god

Skill      XL: |  1  2  3  4  5  6 |
---------------+-------------------+-----
Dodging        | 2 3 |  3.1
Fire Magic     | 3 4 |  4.4
Fighting       | 1 2 |  2.0
Stealth        | 2 |  2.1
Conjurations   | 2 3 |  3.0
Spellcasting   | 3 |  3.3
Unarmed Combat | |  0.1

Action                     |  1- 3 |  4- 6 || total
---------------------------+-------+-------++-------
  Melee: Unarmed           |     4 |       ||     4
         Punch             |     1 |       ||     1
         Dagger            |       |    26 ||    26
         Tailslap          |       |     3 ||     3
         Spear             |       |     1 ||     1
   Cast: Foxfire           |    68 |    74 ||   142
         Scorch            |       |    21 ||    21
    Use: Scroll            |     1 |     1 ||     2
 Armour: Robe              |    28 |    12 ||    40
  Dodge: Dodged            |    55 |    31 ||    86

Table legend: (Time is in decaauts)
 A = Elapsed time spent in this place.
 B = Non-inter-level travel time spent in this place.
 C = Inter-level travel time spent in this place.
 D = Time resting spent in this place.
 E = Time spent auto-exploring this place.
 F = Levels seen in this place.
 G = Mean time per level.
                   A        B        C        D        E       F      G
               +--------+--------+--------+--------+--------+-----+--------+
         Total |   4827 |   4558 |    269 |      0 |   3855 |   6 |  804.5 |
       Dungeon |   4755 |   4506 |    249 |      0 |   3809 |   5 |  951.0 |
        Temple |     72 |     52 |     20 |      0 |     46 |   1 |   72.0 |
               +--------+--------+--------+--------+--------+-----+--------+

Top non-repeatable levels by time:
     D:1: 1294 daAuts
     D:2: 1160 daAuts
     D:3: 1108 daAuts
     D:4: 1082 daAuts
     D:5: 109 daAuts
  Temple: 72 daAuts
